 Dungeon Crawl Stone Soup version 0.24-a0-517-gd52e2fb918 (webtiles) character file.

Game seed: 6885043550096427992

2387 AarnesTheHuman the Fighter (level 9, -9/87 HPs)
             Began as an Ogre Wizard on July 22, 2019.
             Was an Initiate of Hepliaklqana.
             Killed from afar by Erica (32 damage)
             ... with a bolt of poison
             ... on level 8 of the Dungeon.
             The game lasted 01:19:27 (9038 turns).

AarnesTheHuman the Fighter (Ogre Wizard)            Turns: 9038, Time: 01:19:28

Health: -9/87      AC:  5    Str: 14    XL:     9   Next: 46%
Magic:  2/21       EV: 10    Int: 26    God:    Hepliaklqana [......]
Gold:   420        SH:  0    Dex:  7    Spells: 11/24 levels left

rFire    . . .     SeeInvis .   h - +3 short sword (drain)
rCold    . . .     Gourm    .   (no shield)
rNeg     . . .     Faith    .   o - +2 robe {MR+}
rPois    .         Spirit   .   b - +0 hat
rElec    .         Reflect  .   (no cloak)
rCorr    .         Harm     .   (gloves unavailable)
MR       +....                  (boots unavailable)
Stlth    +.........             H - amulet of rage
HPRegen  0.24/turn              u - ring of wizardry
MPRegen  0.17/turn              C - +5 ring of intelligence

@: lethally poisoned (-9 -> -30)
A: large, unfitting armour, reduced essence, tough skin 1
a: Recall Ancestor, Ancestor Identity, Renounce Religion, Evoke Berserk Rage


You were on level 8 of the Dungeon.
You worshipped Hepliaklqana.
Hepliaklqana was noncommittal.
You were not hungry.

You visited 2 branches of the dungeon, and saw 9 of its levels.
You also visited: Ossuary.

You collected 420 gold pieces.

Inventory:

Hand Weapons
 c - a +0 rapier
 h - a +3 short sword of draining (weapon)
 m - a +0 spear
 q - a +2 rapier of holy wrath
 t - a +0 halberd
Armour
 b - a +0 hat (worn)
 o - a +2 robe of magic resistance (worn)
 B - a +0 large shield
Jewellery
 j - an uncursed ring of wizardry
 u - a ring of wizardry (left hand)
 x - an uncursed ring of see invisible
 C - a +5 ring of intelligence (right hand)
 G - a +2 ring of strength
 H - an amulet of rage (around neck)
Wands
 y - a wand of flame (22)
 F - a wand of paralysis (17)
Scrolls
 e - 6 scrolls of remove curse
 v - a scroll of amnesia
 w - 7 scrolls of teleportation
 D - a scroll of blinking
 E - a scroll of fog
 J - a scroll of acquirement {unknown}
Potions
 a - 2 potions of heal wounds {unknown}
 f - a potion of brilliance {unknown}
 g - a potion of haste
 i - 2 potions of might
 k - 2 potions of invisibility
 l - 4 potions of curing
 n - a potion of magic {unknown}
 p - a potion of cancellation {unknown}
 s - 2 potions of mutation
 z - a potion of berserk rage
 K - a potion of ambrosia {unknown}
 L - a potion of agility {unknown}
Comestibles
 d - 11 rations


   Skills:
 + Level 8.6 Fighting
 - Level 1.7 Dodging
 - Level 1.4 Stealth
 * Level 4.7 Shields
 + Level 8.2 Spellcasting
 - Level 3.2 Conjurations
 - Level 1.9 Summonings
 - Level 1.2 Translocations
 - Level 1.1 Fire Magic
 - Level 2.0 Air Magic
 - Level 2.0 Poison Magic


You had 11 spell levels left.
You knew the following spells:

 Your Spells              Type           Power        Failure   Level  Hunger
a - Magic Dart            Conj           ####         1%          1    None
b - Call Imp              Summ           ###.....     1%          2    None
c - Blink                 Tloc           N/A          1%          2    None
d - Mephitic Cloud        Conj/Pois/Air  ###.....     2%          3    None
e - Conjure Flame         Conj/Fire      ###.....     2%          3    None
f - Animate Skeleton      Necr           N/A          2%          1    None
g - Summon Small Mammal   Summ           ###.         1%          1    None

Your spell library contained the following spells:

 Spells                   Type           Power        Failure   Level  Hunger
 Apportation              Tloc           ###...       1%          1    None
 Confusing Touch          Hex            ##....       2%          1    None
 Slow                     Hex            ##......     3%          2    None


Dungeon Overview and Level Annotations

Branches:
Dungeon (8/15)             Temple (1/1) D:6
   Lair: D:8-11

Altars:
Ashenzari
Cheibriados
Dithmenos
Elyvilon
Fedhas
Gozag
Hepliaklqana
Kikubaaqudgha
Makhleb
Nemelex Xobeh
Okawaru
Qazlal
Ru
Sif Muna
Trog
Uskayaw
Vehumet
Wu Jian
Xom
Yredelemnul
Zin
The Shining One

Annotations:
D:1 exclusion: door
D:8 Erica


Innate Abilities, Weirdness & Mutations

You are too large for most types of armour.
You have tough skin. (AC +1)
Your life essence is reduced to manifest your ancestor. (-10% HP)


Message History

The bullfrog skeleton misses Ogrus.
Your crimson imp hits the bullfrog skeleton.
Erica gestures at you while chanting.
The bolt of poison hits Ogrus.
Ogrus completely resists.
The bolt of poison hits you!!
You are poisoned.
* * * LOW HITPOINT WARNING * * *
Your crimson imp hits the leopard gecko.
You feel sick.
Your white imp hits the bullfrog skeleton.
Your white imp freezes the bullfrog skeleton.
The bullfrog skeleton completely resists.
Your crimson imp hits the bullfrog skeleton.
Erica points at you and mumbles some strange words.
The bolt of poison hits Ogrus.
Ogrus completely resists.
The bolt of poison hits you!!
You are more poisoned.
You die...

#########
#.......#
#.#####.#
#.#..@#.######.#
#.#.°R5.((.....#
#.##°)Z....#####
#....(5....#
####@......#
..l......#
###5......#
#.......#
#.......#


You could see the friendly Ogrus the ancestor, Erica, a leopard gecko, a
bullfrog skeleton, 2 friendly crimson imps and a friendly white imp.

Vanquished Creatures
  Grinder (D:3)
  Eustachio (D:4)
  An orc warrior (D:6)
  2 ice beasts (D:6)
  A phantom (D:5)
  2 ogres
  A centaur (D:8)
  2 bullfrogs
  Blork the orc (D:5)
  A scorpion (D:5)
  A howler monkey (D:5)
  A crimson imp (D:6)
  5 hounds
  2 jellies
  A bullfrog zombie (Ossuary)
  A centaur skeleton (D:4)
  2 orc priests
  An iguana (D:4)
  An orc wizard (D:6)
  A worker ant (D:3)
  A killer bee zombie (Ossuary)
  An ancestor (D:6)
  A hound skeleton (D:3)
  2 mummies (Ossuary)
  A worker ant zombie (Ossuary)
  5 adders
  3 worms
  2 dart slugs
  7 leopard geckos
  11 orcs
  2 ball pythons
  7 bats
  4 giant cockroaches
  4 hobgoblins
  3 jackals (D:4)
  4 kobolds
  3 quokkas
  6 frilled lizards
  A giant cockroach zombie (Ossuary)
  7 goblins
  A leopard gecko zombie (Ossuary)
  A rat (D:2)
106 creatures vanquished.

Vanquished Creatures (collateral kills)
  A wyvern (D:7)
  Duvessa (D:5)
  2 ogres
  2 phantoms (D:6)
  A big kobold (D:8)
  A bullfrog (D:3)
  Dowan (D:5)
  A jelly (D:6)
  An orc wizard (D:4)
  An orc priest (D:5)
  A worker ant (D:4)
  A killer bee zombie (Ossuary)
  A hound skeleton (D:7)
  3 mummies
  2 adders
  A leopard gecko (D:2)
  2 orcs
  A bat (D:2)
  A hobgoblin (D:2)
  2 kobolds (D:8)
  A ball python (D:6)
28 creatures vanquished.

Vanquished Creatures (others)
  2 withered plants (Ossuary)
2 creatures vanquished.

Grand Total: 136 creatures vanquished

Notes
Turn   | Place    | Note
-------+----------+-------------------------------------------
     0 | D:1      | AarnesTheHuman the Ogre Wizard began the quest for the Orb.
     0 | D:1      | Reached XP level 1. HP: 16/16 MP: 5/5
   287 | D:1      | Reached skill level 1 in Conjurations
   483 | D:1      | Reached skill level 1 in Fighting
   724 | D:1      | Reached XP level 2. HP: 27/27 MP: 3/6
  1007 | D:2      | Learned a level 2 spell: Call Imp
  1236 | D:2      | Reached skill level 1 in Summonings
  1310 | D:2      | Reached XP level 3. HP: 30/35 MP: 1/8
  1356 | D:2      | Learned a level 2 spell: Blink
  1982 | D:3      | Learned a level 3 spell: Mephitic Cloud
  2208 | D:3      | Noticed a bullfrog
  2217 | D:3      | Killed a bullfrog
  2217 | D:3      | Reached XP level 4. HP: 44/44 MP: 1/10
  2518 | D:3      | Learned a level 3 spell: Conjure Flame
  2681 | D:3      | Reached XP level 5. HP: 45/52 MP: 7/11
  3012 | D:3      | Found a sparkling altar of Nemelex Xobeh.
  3125 | D:4      | Noticed Grinder
  3126 | D:4      | Paralysed by Grinder for 2 turns
  3183 | D:3      | Paralysed by Grinder for 4 turns
  3207 | D:3      | Killed Grinder
  3207 | D:3      | Reached skill level 1 in Air Magic
  3207 | D:3      | Reached skill level 1 in Poison Magic
  3207 | D:3      | Reached XP level 6. HP: 26/61 MP: 0/13
  3732 | D:3      | Reached skill level 5 in Spellcasting
  4121 | D:4      | Reached skill level 1 in Fire Magic
  4121 | D:4      | Reached XP level 7. HP: 44/70 MP: 5/14
  4335 | D:4      | Reached skill level 1 in Translocations
  4364 | D:4      | Noticed Eustachio
  4483 | D:4      | Killed Eustachio
  4483 | D:4      | Reached skill level 5 in Fighting
  4662 | D:4      | Learned a level 1 spell: Animate Skeleton
  4664 | D:4      | Learned a level 1 spell: Summon Small Mammal
  5134 | D:5      | Entered Level 5 of the Dungeon
  5246 | D:5      | Noticed Blork the orc
  5260 | D:5      | Killed Blork the orc
  5463 | D:5      | Reached XP level 8. HP: 77/83 MP: 2/17
  5659 | D:5      | Found a burning altar of Makhleb.
  5659 | D:5      | Noticed an Executioner
  5662 | D:5      | Found a basalt altar of Yredelemnul.
  5669 | D:5      | Noticed Duvessa
  5671 | D:5      | Noticed Dowan
  5684 | D:5      | Killed Duvessa
  5917 | D:5      | Killed Dowan
  6034 | D:5      | Found a shattered altar of Ashenzari.
  6530 | D:5      | Noticed a smoke demon
  6530 | D:5      | Noticed an orange demon
  6788 | D:6      | Found a sand-covered staircase.
  6804 | Ossuary  | Entered an ossuary
  6895 | Ossuary  | Reached skill level 1 in Shields
  7673 | D:6      | Found a staircase to the Ecumenical Temple.
  7696 | D:6      | Reached XP level 9. HP: 66/96 MP: 18/20
  7701 | Temple   | Entered the Ecumenical Temple
  7812 | Temple   | Became a worshipper of Hepliaklqana the Forgotten
  9035 | D:8      | Noticed Erica
  9038 | D:8      | Killed from afar by Erica

Levels and vault maps discovered:
D:1:      evilmike_arrival_run_for_it, layout_basic
D:2:      layout_basic, first_ration
D:3:      minmay_inner_zag, layout_basic, nemelex_diamond_rough_becter
D:4:      layout_loops_ring, uniq_sigmund, uniq_grinder, uniq_eustachio
D:5:      layout_loops_ring, kennysheep_mini_moat, basic_altar,
          makhleb_altar_promises_db, uniq_blork_the_orc, uniq_duvessa
D:6:      layout_basic, minmay_temple_entry_nine_rooms,
          gup_ossuary_entry_pyramid
D:7:      layout_rooms
D:8:      layout_basic, uniq_grum, uniq_erica
Temple:   grunt_wide_crystal_templ

Skill      XL: |  1  2  3  4  5  6  7  8  9 |
---------------+----------------------------+-----
Conjurations   | 1 2 3 |  3.2
Fighting       | 1 2 3 4 6 7 8 |  8.6
Summonings     | 1 |  1.9
Spellcasting   | 4 5 6 7 8 |  8.2
Air Magic      | 1 2 |  2.0
Poison Magic   | 1 2 |  2.0
Fire Magic     | 1 |  1.1
Translocations | 1 |  1.2
Shields        | 3 4 |  4.7
Dodging        | |  1.7
Stealth        | |  1.4

Action                   |  1- 3 |  4- 6 |  7- 9 || total
-------------------------+-------+-------+-------++-------
Melee: Short sword       |    25 |    44 |   166 ||   235
 Cast: Magic Dart        |    44 |    83 |   103 ||   230
       Call Imp          |     7 |    14 |    61 ||    82
       Blink             |       |     4 |     2 ||     6
       Mephitic Cloud    |       |     3 |    17 ||    20
       Summon Small Mamm |       |       |     1 ||     1
       Animate Skeleton  |       |       |    13 ||    13
Invok: Ancestor Identity |       |       |     1 ||     1
  Use: Scroll            |       |       |    14 ||    14
 Stab: Confused          |       |       |     2 ||     2
  Eat: Chunk             |     4 |     3 |     9 ||    16
       Ration            |       |     1 |     2 ||     3
Armor: Robe              |     9 |    17 |    44 ||    70
Dodge: Dodged            |    14 |    41 |   100 ||   155

Table legend:
 A = Non-vault XP
 B = Vault XP
 C = Vault XP percentage of total XP
 D = Non-vault monster count
 E = Vault monster count
 F = Vault count percentage of total count
                 A         B        C        D         E       F
            +---------+---------+-------+---------+---------+-------
      Total |    2647 |     764 |  22.4 |     111 |      22 |  16.5
            +---------+---------+-------+---------+---------+-------
        D:1 |      11 |       5 |  31.2 |       7 |       1 |  12.5
        D:2 |      48 |       0 |   0.0 |      21 |       0 |   0.0
        D:3 |     221 |     210 |  48.7 |      19 |       6 |  24.0
        D:4 |     393 |     175 |  30.8 |      17 |       1 |   5.6
        D:5 |     435 |     207 |  32.2 |      14 |       3 |  17.6
        D:6 |    1048 |       9 |   0.9 |      21 |       1 |   4.5
        D:7 |     304 |       0 |   0.0 |       6 |       0 |   0.0
        D:8 |     187 |       0 |   0.0 |       6 |       0 |   0.0
    Ossuary |       0 |     158 | 100.0 |       0 |      10 | 100.0
            +---------+---------+-------+---------+---------+-------
